Cogmind - Beta 15 @@@ ROGUE MODE // 2025.07.22 @ 14:01:41 Player: amhumam Result: Destroyed by Y-64 Sentinel with KE Penetrator Performance ------------- Evolutions (5) 2500 Regions Visited (5) 1000 Robots Destroyed (82) 410 Value Destroyed (3234) 3234 Prototype IDs (19) 380 Alien Tech Used (0) 0 Bonus (915) 915 TOTAL SCORE: 8439 Bonus ------- High Alert Combat Kills 115 Registered with UFD 300 Met Optimus in HQ 500 Cogmind --------- Core Integrity 0/1000 Matter 300/300 Energy 87/100 System Corruption 26% Temperature Cool (9) Movement Rolling (100) Location -5/Factory Parts ------- > --- POWER (1) -------- (None) > --- PROPULSION (4) --- Compact Wheel Compact Wheel Compact Wheel > --- UTILITY (9) ------ Improved Heat Sink Advanced Heat Sink (fused) Advanced Heat Sink High-capacity Storage Unit Advanced Targeting Computer Improved Target Analyzer Hacking Suite Improved Hacking Suite > --- WEAPON (3) ------- Kinetic Spear Kinetic Spear > --- INVENTORY (20) --- Improved Ion Engine Experimental Matter Compressor (500) Experimental Signal Interpreter Advanced Targeting Computer Experimental Shield Generator Experimental Shield Generator Tesla Rifle Heavy Laser PD Laser Enhanced Gauss Cannon Improved Remote Datajack Improved Plasma Cutter CPS Tube (2) CPS Tube (1) Vortex Trap Vortex Trap DRS Beacon (Ready) PL-3XN's Ring of Power Peak State ------------ > --- POWER ------------ Light Angular Momentum Engine > --- PROPULSION ------- Medium Treads Medium Treads Compact Wheel Compact Wheel > --- UTILITY ---------- Improved Heat Sink Advanced Heat Sink Advanced Heat Sink Advanced Heat Sink High-capacity Storage Unit Advanced Targeting Computer Improved Target Analyzer Hacking Suite Improved Hacking Suite > --- WEAPON ----------- Tesla Rifle Kinetic Spear Kinetic Spear > --- INVENTORY -------- Improved Ion Engine Matter Compressor Experimental Matter Compressor Experimental Signal Interpreter Experimental Shield Generator Experimental Shield Generator Heavy Laser PD Laser Improved Remote Datajack Improved Plasma Cutter CPS Tube CPS Tube Kinetic Spear Vortex Trap Vortex Trap DRS Beacon PL-3XN's Ring of Power [Rating: 80] Favorites ----------- Power Deuterium Engine Engine Deuterium Engine Power Core Fission Core Propulsion Light Treads Treads Light Treads Leg Carbon-fiber Leg Wheel Compact Wheel Utility Small Storage Unit Device Advanced Heat Sink Storage Small Storage Unit Processor Advanced Targeting Computer Hackware Hacking Suite Protection Improved Medium Armor Plating Weapon Assault Rifle Energy Gun Improved Spread Laser Energy Cannon Plasma Cannon Ballistic Gun Assault Rifle Ballistic Cannon Battle Cannon Launcher Heavy Rocket Launcher Special Weapon Mining Laser Piercing Weapon Kinetic Spear Build | -11 -10 -10 -7 -7 -5 ------- Run | Yrd Mat Sub Rec Scr Fac Slots Evolved 10 | . . . . . 10 Power . | . . . . . . Propulsion 2 | . . . . . 2 Utility 7 | . . . . . 7 Weapon 1 | . . . . . 1 Parts Attached 97 | 6 7 2 . 7 75 Power 7 | 1 1 . . 1 4 Engine 6 | 1 1 . . 1 3 Core 1 | . . . . . 1 Reactor . | . . . . . . Propulsion 28 | 2 2 1 . 1 22 Treads 4 | . 1 1 . . 2 Leg 4 | . . . . . 4 Wheel 20 | 2 1 . . 1 16 Hover . | . . . . . . Flight . | . . . . . . Utility 32 | 1 2 . . 2 27 Device 15 | . 1 . . . 14 Storage 5 | 1 1 . . 1 2 Processor 5 | . . . . . 5 Hackware 5 | . . . . . 5 Protection 2 | . . . . 1 1 Artifact . | . . . . . . Weapon 30 | 2 2 1 . 3 22 Energy Gun 8 | . . . . 1 7 Energy Cannon 6 | . . . . 1 5 Ballistic Gun 5 | 2 . . . 1 2 Ballistic Cannon 2 | . . 1 . . 1 Launcher 4 | . 1 . . . 3 Special Weapon 2 | . 1 . . . 1 Impact Weapon . | . . . . . . Slashing Weapon . | . . . . . . Piercing Weapon 3 | . . . . . 3 Special Melee Weapon . | . . . . . . Unidentified Prototypes 6 | . . . . . 6 Parts Lost 56 | . 4 2 . . 50 Power 6 | . 1 1 . . 4 Propulsion 17 | . 2 1 . . 14 Utility 16 | . 1 . . . 15 Weapon 17 | . . . . . 17 Highest Loss Streak 12 | . 2 2 . . 12 To Critical Strikes 1 | . . . . . 1 Average Backups 11 | 1 5 5 7 13 13 Power . | . . . . . 1 Propulsion . | 1 1 . . . . Utility 2 | . . 1 2 3 3 Weapon 6 | . 2 3 5 8 5 Tool/Special . | . . . . . . Unused Backups 21 | . . . . 7 14 Power 3 | . . . . . 3 Propulsion . | . . . . . . Utility 7 | . . . . 2 5 Weapon 8 | . . . . 5 3 Tool/Special 3 | . . . . . 3 Average Slot Usage (%) 85 | . 94 97 85 84 82 Engine 4 | . 14 11 . 1 3 Treads 13 | . 7 17 28 23 . Wheel 8 | . 20 10 . 2 12 Device 6 | . 4 . . . 16 Storage 17 | . 19 28 28 25 4 Processor 4 | . . . . . 12 Hackware 2 | . . . . . 7 Protection 1 | . . . . 1 . Energy Gun 2 | . . . . 3 2 Energy Cannon 3 | . . . . 1 7 Ballistic Gun 10 | . 24 18 14 14 . Ballistic Cannon 5 | . . 3 14 9 1 Peak Build Rating 80 | 6 7 8 10 31 80 Average Rating 30 | 4 6 7 8 15 64 On Entrance 10 | . 6 7 7 10 31 Naked Turns . | . . . . . . Heaviest Build 86 | 11 31 33 30 68 86 Greatest Support 64 | 26 26 40 40 40 64 Greatest Overweight (x) 21 | . 3 3 . 10 21 Average Overweight (x) . | . . 2 . . 1 Largest Inventory Capacity 20 | 8 15 15 15 20 20 Average Capacity 16 | 6 10 15 15 15 19 Most Carried 20 | 4 6 6 12 20 20 Average Carried 13 | 1 5 5 7 15 18 Final Capacity 20 | 8 15 15 15 20 20 Final Carried 20 | 4 5 5 12 20 20 Class Distribution -------------------- 58% | Mutant 11% | Derelict-Gunner 9% | Scavenger-Mutant 6% | Derelict-Mutant 5% | Hacker-Gunner 5% | Scavenger-Gunner Dominant Class ---------------- Mutant | -10/Materials Mutant | -10/Subcaves Mutant | -7/Recycling Mutant | -7/Scraptown Derelict-Gunner | -5/Factory Resources | -11 -10 -10 -7 -7 -5 ----------- Run | Yrd Mat Sub Rec Scr Fac Matter Collected 3206 | 237 82 205 159 188 2335 Remotely . | . . . . . . Salvage Created 3297 | . 247 119 . . 2931 Parts 156 | . 20 7 . . 129 Haulers Intercepted 1 | . . . . . 1 Recyclers Shooed 7 | . 1 . . . 6 Parts Field Recycled . | . . . . . . Retrieved Matter . | . . . . . . Parts Self-Destructed 9 | . . 9 . . . Prevented . | . . . . . . Kills | -11 -10 -10 -7 -7 -5 ------- Run | Yrd Mat Sub Rec Scr Fac Combat Hostiles Destroyed 67 | . 13 5 . . 49 Melee 3 | . . . . . 3 Guns 20 | . 5 2 . . 13 Cannons 20 | . . 1 . . 19 AOE 23 | . 8 2 . . 13 Classes Destroyed 13 | . 3 2 . . 8 Worker 4 | . . . . . 4 Builder 3 | . 1 . . . 2 Tunneler 1 | . . . . . 1 Hauler 1 | . . . . . 1 Recycler 6 | . . . . . 6 Swarmer 18 | . 6 3 . . 9 Saboteur 1 | . . . . . 1 Grunt 23 | . 7 . . . 16 Sentry 3 | . . 1 . . 2 Specialist 1 | . . . . . 1 Hunter 7 | . . . . . 7 Programmer 13 | . . . . . 13 Subdweller 1 | . . 1 . . . Best Kill Streak 10 | . 8 2 . . 10 Combat Bots Only 7 | . 7 2 . . 6 Max Kills in Single Turn 5 | . 3 1 . . 5 Gunslinging . | . . . . . . Exploded 3 | . 3 1 . . 3 Melee 1 | . . . . . 1 Uniques/NPCs Destroyed . | . . . . . . Combat | -11 -10 -10 -7 -7 -5 -------- Run | Yrd Mat Sub Rec Scr Fac Hostile Shots Fired 460 | . 65 27 . . 368 Missed 127 | . 20 6 . . 101 Hits 333 | . 45 21 . . 267 Projectile 333 | . 45 21 . . 267 AOE 1 | . . . . . 1 Critical Strikes 13 | . 1 . . . 12 Damage Taken 6338 | . 480 279 . . 5579 Core 1220 | . 115 93 . . 1012 Absorbed by Shields 43 | . . . . . 43 Regen/Repaired (Parts) 37 | . . . . . 37 Core Remaining (%) 58 | 100 . . . 16 . Volleys Fired 182 | . 30 34 . . 118 Largest 3 | . 2 2 . . 3 Hottest 244 | . 100 100 . . 244 Shots Fired 383 | . 58 44 . . 281 Gun 144 | . 45 10 . . 89 Cannon 208 | . . 28 . . 180 Launcher 27 | . 11 5 . . 11 Special 4 | . 2 1 . . 1 Kinetic 150 | . 45 38 . . 67 Thermal 200 | . 2 1 . . 197 Explosive 27 | . 11 5 . . 11 Electromagnetic 5 | . . . . . 5 Robot Hit Streak 20 | . 14 4 . . 20 Robot Miss Streak 7 | . 2 3 . . 7 Penetration Max 2 | . . . . . 2 Secondary Targets 1 | . . . . . 1 Max Gunslinging Chain 1 | . . . . . 1 Shots Hit Robots 244 | . 43 10 . . 191 Core Hits 185 | . 24 7 . . 154 Critical Kills 7 | . . . . . 7 Critical Parts Destroyed 6 | . 2 . . . 4 Critical Strikes 19 | . 2 . . . 17 Burn 1 | . . . . . 1 Meltdown 2 | . . . . . 2 Destroy 11 | . 2 . . . 9 Blast 3 | . . . . . 3 Impale 2 | . . . . . 2 Melee Attacks 21 | . . . . . 21 Impact . | . . . . . . Slashing . | . . . . . . Piercing 21 | . . . . . 21 Sneak Attacks 1 | . . . . . 1 Combat Hostiles . | . . . . . . Follow-up Attacks 1 | . . . . . 1 Damage Inflicted 8878 | . 1138 248 . . 7492 Guns 2196 | . 414 92 . . 1690 Cannons 3362 | . . 39 . . 3323 Explosions 2886 | . 724 117 . . 2045 Melee 434 | . . . . . 434 Ramming . | . . . . . . Kinetic 1687 | . 414 131 . . 1142 Thermal 3792 | . . . . . 3792 Explosive 2886 | . 724 117 . . 2045 Electromagnetic 79 | . . . . . 79 Impact . | . . . . . . Slashing . | . . . . . . Piercing 434 | . . . . . 434 Highest Corruption 26 | . . . . . 26 Average Corruption 13 | . . . . . 13 Corruption Purged . | . . . . . . Corruption Blocked . | . . . . . . Effects 97 | . . . . . 97 Message Errors 25 | . . . . . 25 Matter Fused 19 | . . . . . 19 Heat Flow Errors 11 | . . . . . 11 Energy Discharges 6 | . . . . . 6 Parts Rejected 3 | . . . . . 3 Parts Fused 3 | . . . . . 3 Data Loss (minor) 13 | . . . . . 13 Data Loss (major) 3 | . . . . . 3 Misfires 4 | . . . . . 4 Alerts 1 | . . . . . 1 Misdirections 3 | . . . . . 3 Weapon Failures 6 | . . . . . 6 Overload Shots . | . . . . . . Overflow Damage 328 | . 11 4 . . 313 Projectiles 171 | . . . . . 171 Explosions 96 | . 11 4 . . 81 Melee 61 | . . . . . 61 Knockbacks 9 | . . . . . 9 Impact . | . . . . . . Kinetic 9 | . . . . . 9 Secondary . | . . . . . . Self-Inflicted Damage 94 | . . 10 . . 84 Shots 3 | . . 1 . . 2 Rammed . | . . . . . . Targets Rammed . | . . . . . . Kicked . | . . . . . . Crushed . | . . . . . . Highest Temperature 483 | . 20 . . . 483 Average Temperature 99 | . 7 . . . 127 Received Heat Transfer 1281 | . 225 75 . . 981 Effects 2 | . . . . . 2 Interference 2 | . . . . . 2 Siege Activations . | . . . . . . Martial Activations . | . . . . . . Shielding Activations . | . . . . . . Robots Disrupted . | . . . . . . Combat Hostiles . | . . . . . . Robots Corrupted . | . . . . . . Combat Hostiles . | . . . . . . Parts Fried . | . . . . . . Impact Corruptions . | . . . . . . Robots Melted 2 | . . . . . 2 Combat Hostiles 1 | . . . . . 1 Parts Melted 11 | . . . . . 11 Heat Transferred 5511 | . . . . . 5511 Parts Sabotaged . | . . . . . . Parts Stolen . | . . . . . . Parts Stripped . | . . . . . . Power Chain Reactions . | . . . . . . Alert | -11 -10 -10 -7 -7 -5 ------- Run | Yrd Mat Sub Rec Scr Fac Maximum Alert Level 2 | . 1 . . . 2 Low Security (%) 49 | 100 67 . 100 . 30 Level 1 36 | . 32 . . . 46 Level 2 14 | . . . . . 22 Level 3 . | . . . . . . Level 4 . | . . . . . . Level 5 . | . . . . . . High Security . | . . . . . . Max Security . | . . . . . . Peak Influence 537 | . 264 . 46 . 537 Initial 46 | . . . 46 . . Average 199 | . 137 . 4 . 268 Influence Increases 2393 | . 464 245 16 . 1668 Destroy 0b10 Robot/C 1320 | . 260 80 . . 980 Destroy 0b10 Robot/NC 75 | . 5 . . . 70 Destroy Leader 232 | . 50 . . . 182 Trap Triggered on 0b10 10 | . . . . . 10 Successful Hack 91 | . 9 . 16 . 66 Select Force Hacks 30 | . 30 . . . . Disable Machine 90 | . 15 . . . 75 Destroy Structure 275 | . 65 . . . 210 Partial Spotted 15 | . . . . . 15 Lose Combat Pursuer 255 | . 30 165 . . 60 Influence Decreases 1973 | . 319 293 113 . 1248 Entered New Map 121 | . . 70 51 . . Time Decay 1142 | . 279 203 62 . 598 Lost Part 560 | . 40 20 . . 500 Purge Threat 150 | . . . . . 150 Squads Dispatched 18 | . 3 . . . 15 Investigation 6 | . 2 . . . 4 Extermination 6 | . . . . . 6 Reinforcement 6 | . 1 . . . 5 Assault . | . . . . . . Garrison . | . . . . . . Intercept . | . . . . . . Searches Triggered . | . . . . . . Construction Impeded 2 | . . . . . 2 Haulers Reinforced 1 | . . . . . 1 Active Scanning Responses . | . . . . . . Cargo Convoy Interrupts 1 | . . . . . 1 Stealth | -11 -10 -10 -7 -7 -5 --------- Run | Yrd Mat Sub Rec Scr Fac Distress Signals 7 | . 3 . . . 4 Communications Jammed . | . . . . . . Distress Signals . | . . . . . . Times Spotted 112 | . 21 15 . . 76 Peak Tracking Total 11 | . 9 6 . . 11 Tactical Retreats 7 | . 2 3 . . 2 Traps | -11 -10 -10 -7 -7 -5 ------- Run | Yrd Mat Sub Rec Scr Fac Traps Triggered 6 | . 2 . . . 4 Indirectly . | . . . . . . Trap Hack Attempts . | . . . . . . Triggered . | . . . . . . Disarmed . | . . . . . . Reprogrammed . | . . . . . . Reused 1 | . . . . . 1 Traps Extracted . | . . . . . . Installed 1 | . . . . . 1 Triggered 1 | . . . . . 1 Most Traps Carried 3 | . . . . 3 3 Machines | -11 -10 -10 -7 -7 -5 ---------- Run | Yrd Mat Sub Rec Scr Fac Machines Disabled 6 | . 1 . . . 5 Max in Single Turn 1 | . 1 . . . 1 Machines Repaired . | . . . . . . Machines Dismantled . | . . . . . . Machines Sabotaged . | . . . . . . Overloaded Fab Kills . | . . . . . . Hacking | -11 -10 -10 -7 -7 -5 --------- Run | Yrd Mat Sub Rec Scr Fac Machines Accessed 20 | . 4 . 4 1 11 Terminals 12 | . 3 . 2 . 7 Fabricators . | . . . . . . Repair Stations 1 | . . . . . 1 Recycling Units 6 | . 1 . 2 . 3 Scanalyzers . | . . . . . . Garrison Access . | . . . . . . Total Hacks 50 | . 12 . 8 1 29 Successful 24 | . 6 . 4 1 13 Failed 26 | . 6 . 4 . 16 Catastrophic 2 | . . . 1 . 1 Database Lockouts . | . . . . . . Manual 40 | . 10 . 8 . 22 Terminals 38 | . 11 . 5 . 22 Fabricators . | . . . . . . Repair Stations 1 | . . . . . 1 Recycling Units 10 | . 1 . 3 . 6 Scanalyzers . | . . . . . . Garrison Access . | . . . . . . Terminal Hacks 12 | . 3 . 2 1 6 Record 2 | . . . . . 2 Part Schematic 1 | . . . 1 . . Robot Analysis 2 | . 1 . 1 . . Terminal Index 1 | . . . . . 1 Alert Level 1 | . . . . . 1 Unreport Threat 1 | . . . . . 1 Recall Reinforcements 1 | . . . . . 1 Hauler Manifests 1 | . 1 . . . . Zone Layout 1 | . 1 . . . . Proto ID Catalog 1 | . . . . 1 . Fabricator Hacks . | . . . . . . Repair Station Hacks . | . . . . . . Recycling Unit Hacks . | . . . . . . Scanalyzer . | . . . . . . Garrison Access Hacks . | . . . . . . Unauthorized Hacks 12 | . 3 . 2 . 7 Terminals 8 | . 2 . 2 . 4 Assimilate 1 | . . . . . 1 Botnet 6 | . 2 . 2 . 2 Operators 1 | . . . . . 1 Fabricators . | . . . . . . Repair Stations 1 | . . . . . 1 Patch 1 | . . . . . 1 Recycling Units 3 | . 1 . . . 2 Tunnel 1 | . 1 . . . . Fedlink 2 | . . . . . 2 Scanalyzers . | . . . . . . Garrison Access . | . . . . . . Data Cores Recovered . | . . . . . . Used . | . . . . . . Hacking Detections 15 | . 3 . 4 . 8 Full Trace Events 1 | . . . . . 1 Feedback Events . | . . . . . . Feedback Blocked . | . . . . . . Robot Schematics Acquired . | . . . . . . Robots Built . | . . . . . . Authchips . | . . . . . . Time . | . . . . . . Total Robot Build Rating . | . . . . . . Part Schematics Acquired 1 | . . . 1 . . Parts Built . | . . . . . . Authchips . | . . . . . . Time . | . . . . . . Total Part Build Rating . | . . . . . . Parts Repaired . | . . . . . . Time . | . . . . . . Parts Recycled . | . . . . . . Recycled Matter . | . . . . . . Retrieved Matter . | . . . . . . Retrieved Components . | . . . . . . Parts Scanalyzed . | . . . . . . Part Schematics Acquired . | . . . . . . Parts Damaged . | . . . . . . Bothacking | -11 -10 -10 -7 -7 -5 ------------ Run | Yrd Mat Sub Rec Scr Fac Used RIF Installer . | . . . . . . Robots Hacked . | . . . . . . Non-combat . | . . . . . . Combat . | . . . . . . Robot Hacks Applied . | . . . . . . Relay Couplers Released . | . . . . . . Fabnet Peak Effective % . | . . . . . . Robots Rewired . | . . . . . . Allies Hacked . | . . . . . . Hacks Repelled . | . . . . . . Allies | -11 -10 -10 -7 -7 -5 -------- Run | Yrd Mat Sub Rec Scr Fac Total Allies 1 | . . . . . 1 Largest Group 1 | . . . . . 1 Highest-Rated Group 26 | . . . . . 26 Highest-Rated Ally 26 | . . . . . 26 Total Orders 3 | . . . . . 3 ROAM 1 | . . . . . 1 FOLLOW 1 | . . . . . 1 EXPLORE 1 | . . . . . 1 Ally Attacks . | . . . . . . Total Damage . | . . . . . . Kills . | . . . . . . Allies Corrupted . | . . . . . . Allies Melted . | . . . . . . Intel | -11 -10 -10 -7 -7 -5 ------- Run | Yrd Mat Sub Rec Scr Fac Active Infowar (turns) 1166 | . 225 . . . 941 Sensors 1166 | . 225 . . . 941 Robot Analysis Total 2 | . 1 . 1 . . Derelict Logs Recovered . | . . . . . . Drone Launches 1 | . . . . . 1 Drone Recoveries 1 | . . . . . 1 Exploration | -11 -10 -10 -7 -7 -5 ------------- Run | Yrd Mat Sub Rec Scr Fac Turns Passed 6485 | 56 646 502 579 2332 2370 Spaces Moved 3866 | 49 350 323 358 1434 1352 Core 10 | 1 . . . 3 6 Treads 1608 | . . 37 358 1213 . Legs . | . . . . . . Wheels 2248 | 48 350 286 . 218 1346 Hover . | . . . . . . Flight . | . . . . . . Fastest Speed 50 | 50 80 125 160 115 95 Average Speed 135 | 88 96 129 160 156 119 Slowest Speed 1100 | 90 125 160 160 550 1100 Overloaded Moves . | . . . . . . Propulsion Burnouts . | . . . . . . Robots Hopped . | . . . . . . Potential Cave-ins 2 | . . . . . 2 Cave-ins Triggered 1 | . . . . . 1 Exploration Rate (%) 48 | 3 81 30 65 79 35 Regions Visited 5 Branch Regions 3 Pre-discovered Areas 3 | . 1 . . 1 1 Known Exits Taken . | . . . . . . Unknown Exits Taken 5 | 1 1 1 1 1 . Scrap Searched 6 | . . . . 6 . Spaces Dug 23 | . 1 1 . . 21 Terrain Destroyed 250 | . 97 33 . . 120 Melee 5 | . . . . . 5 Projectile 38 | . 1 1 . . 36 AOE 206 | . 96 32 . . 78 Terrain Rammed . | . . . . . . Walls Destroyed . | . . . . . . Machines Disabled . | . . . . . . Actions | -11 -10 -10 -7 -7 -5 --------- Run | Yrd Mat Sub Rec Scr Fac Total 4726 | 58 596 361 364 1531 1816 Wait 430 | . 202 . . 51 177 Move 3860 | 48 349 322 357 1433 1351 Hop . | . . . . . . Pick Up 69 | 4 3 1 7 21 33 Fast Attach 78 | 6 6 . . 4 62 Attach 23 | . 2 1 . 1 19 Detach . | . . . . . . Swap 22 | . 4 3 . 2 13 Drop 42 | . . . . 19 23 Fire 182 | . 30 34 . . 118 Melee 18 | . . . . . 18 Ram . | . . . . . . Kick . | . . . . . . Crush . | . . . . . . Escape Stasis 1 | . . . . . 1 Rewire . | . . . . . . Trap 1 | . . . . . 1 Miscellaneous . | . . . . . . Route ------- -11/Scrapyard -10/Materials (discovered 6 exits: [*Mat x3] / [*Min x2] / [*Sub]) -10/Subcaves -7/Recycling (discovered 2 exits: *Fac / *Scr) -7/Scraptown -5/Factory History --------- Turn | Location | Event 22 | -11/Scrapyard | Discovered new exit (range 16) 57 | -11/Scrapyard | Entered Materials 99 | -10/Materials | Discovered new exit (range 12) 220 | -10/Materials | Discovered new exit (range 14) 295 | -10/Materials | Discovered new exit (range 9) 314 | -10/Materials | Build established: Mutant 407 | -10/Materials | Destroyed 7 combat bots 409 | -10/Materials | Discovered new exit (range 15) 484 | -10/Materials | Discovered new exit (range 6) 681 | -10/Materials | Discovered new exit (range 6) 703 | -10/Materials | Entered Subcaves 704 | -10/Subcaves | Approached by a straggling Scientist 875 | -10/Subcaves | Core integrity fell below 50% 1011 | -10/Subcaves | A swath of the cavern ceiling suddenly collapsed 1037 | -10/Subcaves | Shifting Twisted Machinery released Barrage Gun 1040 | -10/Subcaves | Shifting Twisted Machinery released Mak. Kinetic Plating 1115 | -10/Subcaves | Core integrity fell below 20% 1201 | -10/Subcaves | Discovered new exit (range 3) 1205 | -10/Subcaves | Entered Recycling 1418 | -7/Recycling | Discovered new exit (range 15) 1745 | -7/Recycling | Scanned before Scraplab entrance 1768 | -7/Recycling | Entered Scraplab 1780 | -7/Recycling | Discovered new exit (range 3) 1784 | -7/Recycling | Entered Scraptown 1925 | -7/Scraptown | Heard Great Nut preacher, LISTEN AND RECITE! 2355 | -7/Scraptown | Visited IN-MT5's Study 2385 | -7/Scraptown | Visited Shadow of the Wyrm 2515 | -7/Scraptown | Visited The Evicted 2540 | -7/Scraptown | Visited Awakened 2566 | -7/Scraptown | Visited Fellowship of the Rings 2590 | -7/Scraptown | Visited Comm Corps 2662 | -7/Scraptown | Visited UFD Registry 2662 | -7/Scraptown | Registered with UFD as "Phasecircuit" 2696 | -7/Scraptown | Visited Observation Area 2764 | -7/Scraptown | Visited Derelict Rescue Squad 2785 | -7/Scraptown | Visited Infowarlord's Domain 2806 | -7/Scraptown | Visited DA-N13 Charitable Foundation 2827 | -7/Scraptown | Visited Scrap Suit Storage 2848 | -7/Scraptown | Visited Science Guys 2926 | -7/Scraptown | Visited Curators Association 2953 | -7/Scraptown | Visited LU-1G1's Boring Crew 3119 | -7/Scraptown | Found DRS Beacon 3645 | -7/Scraptown | Found Exp. Signal Interpreter 3727 | -7/Scraptown | Found DCF Scrap (29 items) 4025 | -7/Scraptown | Build established: Derelict-Mutant 4051 | -7/Scraptown | Met Optimus 4051 | -7/Scraptown | Accepted into 0bPrime 4113 | -7/Scraptown | Discovered new exit (range 3) 4116 | -7/Scraptown | Entered Factory 4116 | -5/Factory | Evolved 10 slots: Propulsion x2, Utility x7, Weapon x1 4157 | -5/Factory | Loaded intel: 8 recycling unit locations 4447 | -5/Factory | Build established: Derelict-Gunner 4842 | -5/Factory | Lost 3 parts (1u2w) 4938 | -5/Factory | Cargo convoy interrupted 4939 | -5/Factory | System corruption reached 10% 4984 | -5/Factory | Lost 9 parts (1p3n1u4w) 5171 | -5/Factory | Lost 3 parts (1p2u) 5235 | -5/Factory | Found PL-3XN's Ring of Power 5240 | -5/Factory | Found Prototype Device 5240 | -5/Factory | Identified Exp. Shield Generator 5244 | -5/Factory | Found Exp. Shield Generator 5673 | -5/Factory | Crushed by falling debris 5674 | -5/Factory | Core integrity fell below 50% 5683 | -5/Factory | Learned location of Protoforge (-2) 5862 | -5/Factory | Lost 4 parts (1n3w) 5948 | -5/Factory | Lost 7 parts (3n3u1w) 6155 | -5/Factory | Core integrity fell below 20% 6192 | -5/Factory | Lost 12 parts (1p3n3u5w) 6239 | -5/Factory | Build established: Scavenger-Mutant 6486 | -5/Factory | Destroyed by Y-64 Sentinel with KE Penetrator Last Messages --------------- its application to standard armors has been the [SHELL Armor] prototype. 06459_ O-24 Administrator: "IFF HANDSHAKE FAILED. SECURING TERMINAL." 06463_ Acquired Unknown Device. 06463_ Identified Imp. Reaction Control System. 06464_ O-24 Administrator accesses terminal... 06464_ O-24 Administrator IFF database reprogrammed. 06464_ Dropped Imp. Reaction Control System. 06473_ Penetrated by Slug. 06473_ Lgt. Angular Momentum Engine destroyed. 06476_ Penetrated by Slug. 06477_ 8>4YU/JQM6F /X|NWQUJR6 06480_ Penetrated by Slug. 06480_ Terminal disabled. 06483_ KE Penetrator destroyed. 06483_ Penetrated by Slug. 06483_ U-05 Engineer builds a Door. 06486_ Penetrated by Slug. Map ----- +----------------------------------------------------+ | ????????????????????????????????????+ """ | | ????????????????????????????????????# | | ????????????????????????????????????# | | ????????????????????????????????????# | | ????????????????????????????????????######## ^ | | ????????????????????????????????????# # ^ | | ????????????????????????????????????# # """ | | ????????????????????????????????????# """ + "T" | | ????????????????????????????????????# =""" # " " | | ????????????????????????????????????# """ # | | ????????????????????????????????????# + | | ??????????????????################### ####### | | ??????????????????# % |%[= + #?????? | | ??????????????????# #################"" #????? | | ??????????????????# ##??????????????#"" #??? | | ??????????????????# #########???????#"T #??# | | ??????????????????# ## ! #???????#"" #??# | | ?????????????????## ## "" #???????#"" #??# | | ?????????????????# # " #???????# #??# | | ?????????????????# + " #???????########??# ? | | ?????????????????# # #?????????????????# ?? | | ?????????????????## ##! u #?????????????????#??? | | ??????????????????# #####R###????????????????????? | | ??????????????????# #???# #??????????????????????? | | ?????????????????? ???# #??????????????????????? | | ?????????????????? ???#@#??????????????????????? | | ?????????????????? ?? uY/ ?????????????????????? | | ??????????o?????? ### # ???????????????????? | | ????????????????? ??# # ?????????????????? | | ?????????????????#####??# #? ???????????????? | | ????????????????????????# #??######??????????????? | | ????????????????????????# #??????????????????????? | | ???????????????????????? ??????????????????????? | | ???????????????????????? ??????????????????????? | | ???????????????????????? ??????????????????????? | | ???????????????????????? ??????????????????????? | | ???????????????????????? ??????????????????????? | | ????????????????????????# #??????????????????????? | | ????????????????????????? ???????????????????????? | | ????????????????????????? ???????????????????????? | | ?????????????????????????w???????????????????????? | | ?????????????????????????????????????????????????? | | ????????????????????????????????"""??????????????? | | ?????????????????????????????????Y"??????????????? | | ????????????????????????????????"""??????????????? | | ?????????????????????????????????????????????????? | | ?????????????????????????????????????????????????? | | ?????????????????????????????????????????????????? | | ?????????????????????????????????????????????????? | | ?????????????????????????????????????????????????? | +----------------------------------------------------+ Best States ------------- Heat Dissipation 123 Energy Generation 18 Energy Capacity 310 Matter Stores 300 Matter Capacity 300 Sight Range 16 Robot Scan Range 15 Terrain Scan Density 10 Armor Coverage 225 Evasion (%) 42 Targeting Accuracy 16 Target Analysis 6 Recoil Reduction 2 Offensive Hacking 32 Item Schematics ----------------- IFF Parser | -7/Recycling | Hacked Robot Schematics ------------------ None Fabricated ------------ Nothing Repaired ---------- Nothing Alien Tech Used ----------------- None Achievements -------------- None Challenges ------------ None Game ------ Seed FocalPhasingDeflector Manual? 0 Play Time 01:31:18 Cumulative 258.7 hours Start 2025.07.20 @ 16:55:58 End 2025.07.22 @ 14:01:41 Sessions 3 Manual Loads 0 Difficulty Rogue Special Mode None Game No. 229 Rogue 229 Adventurer 0 Explorer 0 Win Type - Total 1 Types 1/0/0/0/0/0/0/0/0/0 Lore% 77 Gallery% 64 Achievement% 55 Wizard Run 0 Options --------- Layout 1 ASCII 0 Keyboard 0 Movement Arrows Keybinds 0 Fullscreen 1 Font 24/Smallcaps Map View 50x35 Zoom Use 0% Tactical HUD 1 Map Filters NONE Filters NONE Steam 1 RUN: 01cb04be-179e-4ab5-92cc-75e597e543ea